 Dungeon Crawl Stone Soup version 0.30.0-29-ga12c61a403 (webtiles) character file.

Game seed: 18006938693189945790

169 GimliDwarf the Fighter (level 5, 0/51 HPs)
             Began as a Gnoll Wanderer on June 24, 2023.
             Slain by an orc wizard
             ... wielding a +0 dagger
              (3 damage)
             ... on level 3 of the Dungeon.
             The game lasted 00:04:40 (2353 turns).

GimliDwarf the Fighter (Gnoll Wanderer)             Turns: 2353, Time: 00:04:41

Health: 0/51       AC: -3    Str: 12    XL:     5   Next: 50%
Magic:  7/7        EV: 12    Int: 10    God:
Gold:   70         SH:  0    Dex: 20    Spells: 7/7 levels left

rFire   . . .        a - +3 sling
rCold   . . .        (no shield)
rNeg    . . .        d - +0 leather armour
rPois   .            b - +0 helmet
rElec   .            (no cloak)
rCorr   .            (no gloves)
SInv    .            (no boots)
Will    .....        (no amulet)
Stlth   +++          q - +6 ring of dexterity
HPRegen 0.28/turn    (no ring)
MPRegen 0.10/turn

%: no passive effects
@: corroded
A: fangs 1, strong nose, distributed training
a: no special abilities


You were on level 3 of the Dungeon.
You visited 1 branch of the dungeon, and saw 4 of its levels.

You collected 70 gold pieces.

Inventory:

Hand Weapons
 a - a +3 sling (weapon)
Missiles
 e - 13 poisoned darts
 s - 6 javelins
Armour
 b - a +0 helmet (worn)
 d - a +0 leather armour (worn)
Jewellery
 q - a +6 ring of dexterity (left hand)
Wands
 v - a wand of charming (20)
Scrolls
 f - a scroll of immolation {unknown}
 i - a scroll of enchant weapon {unknown}
 n - a scroll of vulnerability {unknown}
 o - a scroll of fear {unknown}
 p - a scroll of identify {unknown}
 r - a scroll of enchant armour {unknown}
 u - 2 scrolls of teleportation {unknown}
Potions
 c - 2 potions of curing
 g - 3 potions of heal wounds {unknown}
 h - 2 potions of attraction {unknown}
 j - a potion of lignification {unknown}
 k - a potion of ambrosia {unknown}
 l - a potion of resistance {unknown}
 m - 2 potions of experience {unknown}
 t - a potion of degeneration {unknown}
 w - a potion of might {unknown}


   Skills:
 + Level 8.6 Fighting
 + Level 1.6 Short Blades
 + Level 1.6 Long Blades
 + Level 1.6 Axes
 + Level 1.6 Maces & Flails
 + Level 1.6 Polearms
 + Level 1.6 Staves
 + Level 6.7 Ranged Weapons
 + Level 1.6 Throwing
 + Level 1.6 Armour
 + Level 1.6 Dodging
 + Level 6.2 Stealth
 + Level 1.6 Shields
 + Level 1.6 Unarmed Combat
 + Level 1.6 Spellcasting
 + Level 1.2 Conjurations
 + Level 1.2 Hexes
 + Level 1.2 Summonings
 + Level 1.2 Necromancy
 + Level 1.2 Translocations
 + Level 1.2 Transmutations
 + Level 1.2 Fire Magic
 + Level 1.2 Ice Magic
 + Level 1.2 Air Magic
 + Level 1.2 Earth Magic
 + Level 1.2 Poison Magic
 + Level 1.8 Invocations
 + Level 1.6 Evocations


You had 7 spell levels left.
You didn't know any spells.
Your spell library contained the following spells:

 Spells                   Type           Power      Damage    Failure   Level
 Beastly Appendage        Tmut           6%         N/A       24%         1
 Ensorcelled Hibernation  Hex/Ice        6%         N/A       36%         2
 Passwall                 Tmut/Erth      2%         N/A       36%         2
 Sublimation of Blood     Necr           3%         N/A       36%         2
 Wereblood                Tmut           3%         N/A       36%         2
 Spider Form              Tmut/Pois      3%         N/A       58%         3
 Swiftness                Air            3%         N/A       58%         3
 Alistair's Intoxication  Tmut/Pois      2%         N/A       100%        5
 Borgnjor's Vile Clutch   Necr/Erth      1%         N/A       100%        5
 Eringya's Noxious Bog    Tmut/Pois      1%         N/A       100%        6
 Summon Hydra             Summ           1%         N/A       100%        7


Dungeon Overview and Level Annotations

Branches:
Dungeon (4/15)
 Temple: D:4-7

Altars:

Shops:
D:3 [


Innate Abilities, Weirdness & Mutations

You have very sharp teeth.
Your uncanny sense of smell can sniff out nearby items.
Your experience applies equally to all skills.


Message History

The jelly is heavily wounded.
You shoot a sling bullet. The sling bullet hits the orc.
The orc is almost dead.
You shoot a sling bullet. The sling bullet hits the orc!
You kill the orc!
A giant cockroach comes into view.
You shoot a sling bullet.
The sling bullet hits the orc but does no damage.
The orc misses you. The orc hits you with a +0 club.
You shoot a sling bullet. The sling bullet hits the orc.
The orc is lightly wounded.
Something hits you but does no damage. The orc barely misses you.
You shoot a sling bullet. The sling bullet hits the orc.
The orc is moderately wounded.
Something hits you but does no damage. The orc misses you.
The jelly hits you but does no damage.
You hear some strange, mumbled words.
Something tries to affect you, but you resist.
The orc hits you but does no damage.
You climb upwards.
Reactivating autopickup.
There is a stone staircase leading down here.
You shoot a sling bullet. The jelly hits you. The acid corrodes you!
You are splashed with acid!
Something hits you.
Deactivating autopickup; reactivate with Ctrl-A.
You shoot a sling bullet. The jelly hits you. The acid corrodes you!
You are splashed with acid!
Something hits you.
You shoot a sling bullet. The jelly misses you. Something hits you.
You shoot a sling bullet. The jelly hits you.
You are splashed with acid!
* * * LOW HITPOINT WARNING * * *
Something hits you.
* * * LOW HITPOINT WARNING * * *
You shoot a sling bullet. The jelly barely misses you. Something hits you.
* * * LOW HITPOINT WARNING * * *
You shoot a sling bullet. The jelly completely misses you. Something hits you.
* * * LOW HITPOINT WARNING * * *
You shoot a sling bullet. The jelly completely misses you. Something hits you.
* * * LOW HITPOINT WARNING * * *
You shoot a sling bullet. The jelly barely misses you. Something hits you.
You die...

####### #.....# ###
#.###{#
#.##########.###@#
....)).........#J###
....#.######....o..#
...##†# #...#.#.#
#<###.# ####.....#.#
#.# #.# #......###.#
#.# #.# #.##..## #.#
#'###.# #.##..# #.#
...##.###)##..####.#


You could see a jelly and an orc.

Vanquished Creatures
  2 orc priests (D:3)
  An orc wizard (D:3)
  An adder (D:2)
  2 worms
  2 dart slugs (D:2)
  12 orcs
  3 endoplasms
  2 giant cockroaches (D:1)
  6 hobgoblins
  2 jackals (D:2)
  A quokka (D:1)
  2 ball pythons (D:1)
  3 bats
  4 frilled lizards
  A goblin (D:3)
  8 kobolds
  7 rats
59 creatures vanquished.

Notes
Turn   | Place    | Note
-------+----------+-------------------------------------------
     0 | D:1      | GimliDwarf the Gnoll Wanderer began the quest for the Orb.
     0 | D:1      | GimliDwarf set off with the following items: a +3 sling, a
                  | +0 helmet, a potion of curing, a +0 leather armour.
     0 | D:1      | Reached XP level 1. HP: 26/26 MP: 1/1
   234 | D:1      | Reached XP level 2. HP: 33/33 MP: 2/2
   234 | D:1      | Found a faded altar of an unknown god.
   700 | D:2      | Reached XP level 3. HP: 38/38 MP: 3/3
   784 | D:2      | Reached skill level 1 in Invocations
  1221 | D:2      | Reached skill level 1 in Short Blades
  1221 | D:2      | Reached skill level 1 in Long Blades
  1221 | D:2      | Reached skill level 1 in Axes
  1221 | D:2      | Reached skill level 1 in Maces & Flails
  1221 | D:2      | Reached skill level 1 in Polearms
  1221 | D:2      | Reached skill level 1 in Staves
  1221 | D:2      | Reached skill level 1 in Throwing
  1221 | D:2      | Reached skill level 1 in Armour
  1221 | D:2      | Reached skill level 1 in Dodging
  1221 | D:2      | Reached skill level 1 in Shields
  1221 | D:2      | Reached skill level 1 in Unarmed Combat
  1221 | D:2      | Reached skill level 1 in Spellcasting
  1221 | D:2      | Reached skill level 1 in Evocations
  1389 | D:3      | Reached skill level 1 in Conjurations
  1389 | D:3      | Reached skill level 1 in Hexes
  1389 | D:3      | Reached skill level 1 in Summonings
  1389 | D:3      | Reached skill level 1 in Necromancy
  1389 | D:3      | Reached skill level 1 in Translocations
  1389 | D:3      | Reached skill level 1 in Transmutations
  1389 | D:3      | Reached skill level 1 in Fire Magic
  1389 | D:3      | Reached skill level 1 in Ice Magic
  1389 | D:3      | Reached skill level 1 in Air Magic
  1389 | D:3      | Reached skill level 1 in Earth Magic
  1389 | D:3      | Reached skill level 1 in Poison Magic
  1389 | D:3      | Reached XP level 4. HP: 28/45 MP: 5/5
  1393 | D:3      | Found Egimuwust's Armour Shoppe.
  1569 | D:3      | Reached XP level 5. HP: 51/51 MP: 7/7
  2353 | D:3      | Slain by an orc wizard

Illustrated notes

Levels and vault maps discovered:
D:1:      heliophobic_arrival_battle_scene, layout_loops_ring,
          basic_ecumenical_altar, item_on_display_a
D:2:      layout_basic
D:3:      layout_loops_corners, serial_shops, nicolae_shop_peninsula
D:4:      layout_cave_pools, mainiacjoe_overflow_small_starburst,
          minmay_temple_entry_waves, gammafunk_ghost_split, grunt_ministairs_13,
          st_stairs_9, minmay_strange_pillars, chequers_avenue,
          lemuel_flame_loot_1

Skill      XL: |  1  2  3 |
---------------+----------+-----
Stealth        | 6 |  6.2
Invocations    | 1 |  1.8
Short Blades   | 1 |  1.6
Long Blades    | 1 |  1.6
Axes           | 1 |  1.6
Maces & Flails | 1 |  1.6
Polearms       | 1 |  1.6
Staves         | 1 |  1.6
Throwing       | 1 |  1.6
Armour         | 1 |  1.6
Dodging        | 1 |  1.6
Shields        | 1 |  1.6
Unarmed Combat | 1 |  1.6
Spellcasting   | 1 |  1.6
Evocations     | 1 |  1.6
Conjurations   | 1 |  1.2
Hexes          | 1 |  1.2
Summonings     | 1 |  1.2
Necromancy     | 1 |  1.2
Translocations | 1 |  1.2
Transmutations | 1 |  1.2
Fire Magic     | 1 |  1.2
Ice Magic      | 1 |  1.2
Air Magic      | 1 |  1.2
Earth Magic    | 1 |  1.2
Poison Magic   | 1 |  1.2
Fighting       | |  8.6
Ranged Weapons | |  6.7

Action                     |  1- 3 |  4- 6 || total
---------------------------+-------+-------++-------
   Fire: Sling             |    77 |    57 ||   134
 Armour: Leather armour    |    11 |     9 ||    20
  Dodge: Dodged            |     8 |    19 ||    27
